 Dungeon Crawl Stone Soup version 0.29.1-13-g9f3cf754e1 (webtiles) character file.

Game seed: 16629544084560923190

571 Peloso the Covered (level 7, 0/61 HPs)
             Began as a Minotaur Fighter on Jan 22, 2023.
             Slain by Pikel
             ... wielding a +2 whip of electrocution
              (5 damage)
             ... on level 4 of the Dungeon.
             The game lasted 00:08:27 (5199 turns).

Peloso the Covered (Minotaur Fighter)               Turns: 5199, Time: 00:08:27

Health: 0/61       AC:  8    Str: 21    XL:     7   Next: 11%
Magic:  6/6        EV:  9    Int:  5    God:
Gold:   163        SH:  9    Dex: 11    Spells: 6/6 levels left

rFire   . . .      SeeInvis .   a - +0 long sword
rCold   . . .      Faith    .   d - +0 kite shield
rNeg    + . .      Spirit   .   b - +0 scale mail
rPois   .          Reflect  .   (helmet restricted)
rElec   .          Harm     .   q - +0 cloak
rCorr   .          Rampage  .   (no gloves)
Will    .....                   (no boots)
Stlth   ..........              (no amulet)
HPRegen 0.20/turn               p - ring of positive energy
MPRegen 0.10/turn               (no ring)

@: mighty
A: horns 2, retaliatory headbutt
a: no special abilities


You were on level 4 of the Dungeon.
You visited 1 branch of the dungeon, and saw 4 of its levels.

You collected 163 gold pieces.

Inventory:

Hand Weapons
 a - a +0 long sword (weapon)
 c - the +2 war axe "Juru" {vorpal, MP+9 Int+4 Dex+3}
   (You found it on level 3 of the Dungeon)

   It inflicts extra damage upon your enemies.
   Int:       It affects your intelligence (+4).
   Dex:       It affects your dexterity (+3).
   MP:        It affects your magic capacity (+9).
Missiles
 t - 2 throwing nets (quivered)
Armour
 b - a +0 scale mail (worn)
 d - a +0 kite shield (worn)
 q - a +0 cloak (worn)
Jewellery
 p - a ring of positive energy (left hand)
Scrolls
 f - 2 scrolls of identify
 i - a scroll of teleportation {unknown}
 j - 3 scrolls of butterflies {unknown}
 l - a scroll of magic mapping {unknown}
 n - a scroll of immolation
 s - a scroll of torment {unknown}
Potions
 g - 2 potions of ambrosia
 h - a potion of flight
 m - a potion of curing
 o - a potion of lignification {unknown}
 r - a potion of brilliance {unknown}


   Skills:
 + Level 5.0 Fighting
 + Level 5.4 Long Blades
 + Level 6.2 Armour
 + Level 2.2 Dodging
 + Level 0.5 Stealth
 + Level 4.9 Shields


You had 6 spell levels left.
You didn't know any spells.
Your spell library contained the following spells:

 Spells                   Type           Power      Damage    Failure   Level
 Sublimation of Blood     Necr           0%         N/A       99%         2
 Petrify                  Tmut/Erth      0%         N/A       100%        4
 Irradiate                Conj/Tmut      0%         3d11      100%        5


Dungeon Overview and Level Annotations

Branches:
Dungeon (4/15)
 Temple: D:4-7

Altars:
Ashenzari

Shops:
D:1 [   D:3 [*

Annotations:
D:3 1 runed translucent door, Crazy Yiuf
D:4 Pikel


Innate Abilities, Weirdness & Mutations

You have a pair of horns on your head.
You reflexively headbutt those who attack you in melee.


Message History

You block Pikel's attack.
Pikel hits you with a +2 whip of electrocution!
You hit Pikel but do no damage. Your headbutt misses Pikel.
Pikel is lightly wounded.
Pikel barely misses you.
You closely miss Pikel. You headbutt Pikel, but do no damage.
Pikel is lightly wounded.
You block Pikel's attack.
You closely miss Pikel.
Pikel is lightly wounded.
You block Pikel's attack.
You barely miss Pikel. You headbutt Pikel.
Pikel is moderately wounded.
Pikel hits you with a +2 whip of electrocution!
Pikel hits you with a +2 whip of electrocution.
You completely miss Pikel. You headbutt Pikel, but do no damage.
Pikel is moderately wounded.
Pikel hits you but does no damage.
You hit Pikel but do no damage.
Pikel is moderately wounded.
Pikel hits you with a +2 whip of electrocution!
You closely miss Pikel. Your headbutt misses Pikel.
Pikel is moderately wounded.
Pikel hits you with a +2 whip of electrocution.
You are electrocuted!!
* * * LOW HITPOINT WARNING * * *
You feel much better.
Pikel hits you with a +2 whip of electrocution!
You are electrocuted!
* * * LOW HITPOINT WARNING * * *
Okay, then.
Okay, then.
You feel very mighty all of a sudden. You block Pikel's attack.
You closely miss Pikel.
Pikel is moderately wounded.
Pikel hits you with a +2 whip of electrocution!
* * * LOW HITPOINT WARNING * * *
Pikel hits you with a +2 whip of electrocution.
You die...

#.....# ##.....###########
#.....# #.................
#.....# #..........)......
#.....# #.................
+.....# #.................
#..W..# #.................
#.....# #............)....
###...5W####@.......)........
#.......†g5K#################
#.........W5# .'..........5#
'#>..........# ).5######....#
.. ###'## ## . ... #. .... #.


You could see Pikel, 3 lemures, a phantom and a goblin.

Vanquished Creatures
  Sigmund (D:4)
  A hound (D:4)
  An orc priest (D:4)
  A jelly (D:4)
  Jessica (D:3)
  An iguana (D:4)
  3 orc wizards (D:4)
  Robin (D:3)
  3 gnolls (D:4)
  6 adders
  2 worms (D:2)
  3 dart slugs
  11 orcs
  5 endoplasms
  2 giant cockroaches
  11 hobgoblins
  7 jackals
  2 quokkas
  4 ball pythons
  3 bats (D:1)
  4 frilled lizards
  15 goblins
  8 kobolds
  3 rats
99 creatures vanquished.

Notes
Turn   | Place    | Note
-------+----------+-------------------------------------------
     0 | D:1      | Peloso the Minotaur Fighter began the quest for the Orb.
     0 | D:1      | Reached XP level 1. HP: 19/19 MP: 0/0
   164 | D:1      | Reached XP level 2. HP: 21/27 MP: 1/1
   530 | D:1      | Found Xomez's Antique Armour Emporium.
   572 | D:1      | Reached skill level 4 in Armour
   949 | D:1      | Found a faded altar of an unknown god.
   976 | D:1      | Reached XP level 3. HP: 28/33 MP: 2/2
  2018 | D:2      | Reached XP level 4. HP: 37/41 MP: 3/3
  2424 | D:3      | Noticed Jessica
  2429 | D:3      | Killed Jessica
  2563 | D:3      | Noticed Robin
  2613 | D:3      | Reached skill level 1 in Dodging
  2621 | D:3      | Reached XP level 5. HP: 45/47 MP: 4/4
  2627 | D:3      | Killed Robin
  2628 | D:3      | Reached skill level 5 in Armour
  2742 | D:3      | Found Fopp's Armour Boutique.
  2908 | D:3      | Identified the +0 robe "Orih" {+Blink rN+ Str-3 Archmagi}
  3189 | D:3      | Found Ennifig's General Store.
  3266 | D:3      | Found a runed translucent door.
  3267 | D:3      | Noticed Crazy Yiuf
  3384 | D:3      | Identified the +2 war axe "Juru" {vorpal, MP+9 Int+4 Dex+3}
  3812 | D:4      | Found a broken altar of Ashenzari.
  4227 | D:4      | Reached XP level 6. HP: 22/53 MP: 5/5
  4504 | D:4      | Reached skill level 5 in Long Blades
  4897 | D:4      | Noticed Sigmund
  4930 | D:4      | Killed Sigmund
  4931 | D:4      | Reached skill level 5 in Fighting
  4931 | D:4      | Reached skill level 6 in Armour
  4931 | D:4      | Reached XP level 7. HP: 26/61 MP: 6/6
  5169 | D:4      | Noticed Pikel
  5199 | D:4      | Slain by Pikel

Illustrated notes

Levels and vault maps discovered:
D:1:      nzn_arrival_depleted_hourglass, layout_loops_corners, serial_shops,
          nicolae_shop_statue_plus, chequers_ecumenical_altar_simple,
          item_on_display_a
D:2:      layout_loops_ring, dk_noncrumbling_2, grunt_decor_fettered
D:3:      layout_basic, serial_shops, shop, nicolae_lakefront_shop,
          uniq_crazy_yiuf_cottage, uniq_robin, uniq_jessica
D:4:      layout_gridville, mainiacjoe_overflow_alcove_1,
          mainiacjoe_overflow_six_doors_small, uniq_pikel, uniq_menkaure,
          uniq_sigmund

Skill      XL: |  1  2  3  4  5  6 |
---------------+-------------------+-----
Fighting       | 4 5 |  5.0
Armour         | 4 5 6 |  6.2
Long Blades    | 3 4 5 |  5.4
Shields        | 4 |  4.9
Dodging        | 1 2 |  2.2
Stealth        | |  0.5

Action                   |  1- 3 |  4- 6 |  7- 9 || total
-------------------------+-------+-------+-------++-------
Melee: Long sword        |   115 |   171 |    29 ||   315
       Headbutt          |    15 |    31 |     8 ||    54
  Use: Scroll            |     3 |     3 |       ||     6
       Potion            |       |     2 |     2 ||     4
Armor: Scale mail        |    79 |    92 |     7 ||   178
Dodge: Dodged            |    59 |    69 |    11 ||   139
Block: Buckler           |    29 |       |       ||    29
       Kite shield       |    11 |    74 |    11 ||    96
